 Dungeon Crawl Stone Soup version 0.30-a0-743-gbfdf073431 (webtiles) character file.

Game seed: 14181167611832906266

5628 Gargoyl the Cleaver (level 10, 0/58 HPs)
             Began as a Gargoyle Berserker on Feb 6, 2023.
             Was a Believer of Trog.
             Slain by a catoblepas (18 damage)
             ... on level 8 of the Dungeon.
             The game lasted 00:11:14 (6850 turns).

Gargoyl the Cleaver (Gargoyle Berserker)            Turns: 6850, Time: 00:11:15

Health: 0/58       AC: 27    Str: 23    XL:     10   Next: 74%
Magic:  10/10      EV:  7    Int:  8    God:    Trog [**....]
Gold:   31         SH:  3    Dex: 11    Spells: 9/9 levels left

rFire   . . .      SeeInvis .    w - +4 hand axe (venom)
rCold   . . .      Faith    .    B - +0 buckler
rNeg    + . .      Spirit   .    u - +0 plate armour
rPois   ∞          Reflect  .    m - +0 helmet
rElec   +          Harm     .    y - +1 cloak {Will+}
rCorr   .          Rampage  .    r - +0 pair of gloves
Will    +....                    d - +0 pair of boots Stlth
                                 (no amulet)
HPRegen 0.29/turn                (no ring)
MPRegen 0.12/turn                (no ring)

@: no status effects
A: sickness immunity, AC +7, negative energy resistance 1, electricity
resistance, torment resistance 1, petrification resistance, frail 1, mutation
resistance 1, MP-powered wands
a: Renounce Religion, Berserk, Trog's Hand


You were on level 8 of the Dungeon.
You worshipped Trog.
Trog was pleased with you.
You visited 1 branch of the dungeon, and saw 8 of its levels.

You collected 319 gold pieces.
You spent 288 gold pieces at shops.

Inventory:

Hand Weapons
 a - a +1 hand axe
 e - a +0 scimitar of flaming
 w - a +4 hand axe of venom (weapon)
Missiles
 f - 10 poisoned darts (quivered)
 q - 6 curare-tipped darts
Armour
 d - a +0 pair of boots (worn)
 m - a +0 helmet (worn)
 r - a +0 pair of gloves (worn)
 u - a +0 plate armour (worn)
 y - a +1 cloak of willpower (worn)
 B - a +0 buckler (worn)
Jewellery
 t - a +4 ring of protection
Wands
 k - a wand of roots (3)
 o - a wand of polymorph (6)
 v - a wand of charming (2)
 A - a wand of digging (4)
Scrolls
 c - 4 scrolls of poison
 g - 3 scrolls of identify
 i - 2 scrolls of fog
 j - 2 scrolls of magic mapping
 l - 3 scrolls of teleportation
 x - a scroll of blinking
Potions
 b - 2 potions of curing
 h - 2 potions of might
 n - a potion of lignification
 p - 2 potions of heal wounds {unknown}
 s - 2 potions of haste {unknown}
 z - a potion of experience {unknown}


   Skills:
 + Level 8.4 Fighting
 + Level 10.4 Axes
 + Level 1.4 Throwing
 + Level 8.1 Armour
 + Level 3.8 Dodging
 + Level 2.6 Stealth


You had 9 spell levels left.
You didn't know any spells.
Your spell library was empty.

Dungeon Overview and Level Annotations

Branches:
Dungeon (8/15)             Temple (0/1) D:4
   Lair: D:8-11

Altars:
Ashenzari
Elyvilon
Kikubaaqudgha
Okawaru
Vehumet

Shops:
D:3 [   D:7 (


Innate Abilities, Weirdness & Mutations

You are immune to sickness and miasma.
Your stone body is resilient. (AC +7)
You are immune to poison.
You resist negative energy. (rN+)
You are resistant to electric shocks. (rElec)
You are resistant to unholy torment.
You are immune to petrification.
You are frail. (-10% HP)
You are somewhat resistant to further mutation.
You expend magic power (3 MP) to strengthen your wands.


Message History

You barely miss the catoblepas.
The catoblepas is lightly wounded.
The catoblepas gores you but does no damage.
You slash the catoblepas!
The catoblepas looks as sick as possible!
The catoblepas is moderately wounded.
The catoblepas barely misses you.
You hit the catoblepas but do no damage.
The catoblepas looks as sick as possible!
The catoblepas is lightly wounded.
You hit the catoblepas.
The catoblepas is moderately wounded.
The catoblepas closely misses you.
You hit the catoblepas but do no damage.
The catoblepas looks as sick as possible!
The catoblepas is moderately wounded.
The catoblepas breathes a plume of calcifying dust at you.
The blast of calcifying dust hits you but does no damage.
You hit the catoblepas.
The catoblepas looks as sick as possible!
The catoblepas is moderately wounded.
The catoblepas completely misses you.
You hit the catoblepas.
The catoblepas looks as sick as possible!
The catoblepas is heavily wounded.
The catoblepas gores you!
You hit the catoblepas.
The catoblepas is heavily wounded.
You slash the catoblepas!
The catoblepas looks as sick as possible!
The catoblepas is severely wounded.
The catoblepas gores you.
You hit the catoblepas but do no damage.
The catoblepas looks as sick as possible!
The catoblepas is severely wounded.
The catoblepas gores you!
You slash the catoblepas!
The catoblepas is almost dead.
The catoblepas gores you!!
You die...

#...(...##..
#.......#.# ##..####.#
#).###.## #.†##.#####
#..#......##
#..........##
##........Y..##
#...)(...@....#
#....)[.......#
#......)..<..##
#............# #.##
#....§.<....## #...#
#...........# ....#
##.........### ##....#
#...........##
##.....#
##########...###.....#


You could see a catoblepas (extremely poisoned).

Vanquished Creatures
  A two-headed ogre (D:8)
  A boulder beetle (D:8)
  Pikel (D:4)
  Joseph (D:7)
  An efreet (D:8)
  Grinder (D:4)
  Sigmund (D:6)
  6 yaks (D:8)
  A vampire mosquito (D:8)
  A water moccasin (D:7)
  2 orc warriors (D:7)
  A black bear (D:7)
  A centaur (D:7)
  2 ogres (D:5)
  2 phantoms (D:4)
  2 kobold brigands (D:7)
  3 bullfrogs
  A gnoll sergeant (D:8)
  2 scorpions
  3 wights (D:7)
  7 hounds
  4 jellies
  2 orc priests
  An iguana (D:5)
  3 orc wizards
  8 gnolls
  7 adders
  2 worms
  3 dart slugs
  25 orcs
  6 bats
  7 endoplasms
  2 giant cockroaches (D:1)
  A goblin (D:4)
  10 hobgoblins
  7 jackals
  A quokka (D:2)
  4 ball pythons
  3 frilled lizards
  14 kobolds
  2 rats (D:3)
  A spectral goblin (D:2)
154 creatures vanquished.

Vanquished Creatures (others)
  22 fungi (D:8)
  13 plants (D:8)
35 creatures vanquished.

Grand Total: 189 creatures vanquished

Notes
Turn   | Place    | Note
-------+----------+-------------------------------------------
     0 | D:1      | Gargoyl the Gargoyle Berserker began the quest for the Orb.
     0 | D:1      | Reached XP level 1. HP: 14/14 MP: 1/1
   263 | D:1      | Reached XP level 2. HP: 10/19 MP: 2/2
   472 | D:1      | Reached skill level 3 in Axes
   735 | D:2      | Found a faded altar of an unknown god.
   875 | D:2      | Reached XP level 3. HP: 24/24 MP: 3/3
   986 | D:2      | Reached ** piety under Trog
  1304 | D:2      | Reached XP level 4. HP: 8/29 MP: 4/4
  2310 | D:3      | Found Nestry Zokko's Antique Armour Shoppe.
  2410 | D:3      | Bought a helmet for 108 gold pieces
  2970 | D:4      | Noticed a phantom
  2986 | D:4      | Killed a phantom
  2987 | D:4      | Reached skill level 4 in Axes
  2987 | D:4      | Reached XP level 5. HP: 32/33 MP: 5/5
  3246 | D:4      | Reached XP level 6. HP: 29/38 MP: 6/6
  3481 | D:4      | Found a staircase to the Ecumenical Temple.
  3499 | D:4      | Noticed Pikel
  3515 | D:4      | Killed Pikel
  3516 | D:4      | Reached skill level 6 in Axes
  3516 | D:4      | Reached skill level 1 in Stealth
  3516 | D:4      | Reached XP level 7. HP: 44/44 MP: 7/7
  3582 | D:4      | Found an ancient bone altar of Kikubaaqudgha.
  3733 | D:4      | Reached skill level 5 in Fighting
  3951 | D:5      | Entered Level 5 of the Dungeon
  3952 | D:5      | Noticed Grinder
  3968 | D:4      | Reached XP level 8. HP: 49/49 MP: 8/8
  3986 | D:4      | Gained mutation: Your mind is acute. (Int +4, Str/Dex -1)
                  | [potion of mutation]
  3986 | D:4      | Gained mutation: You have very sharp teeth. [potion of
                  | mutation]
  3986 | D:4      | Gained mutation: You expend magic power (3 MP) to
                  | strengthen your wands. [potion of mutation]
  4099 | D:4      | Killed Grinder
  4100 | D:4      | Reached skill level 5 in Armour
  4219 | D:5      | Reached skill level 7 in Axes
  4565 | D:5      | Found an iron altar of Okawaru.
  4575 | D:5      | Found a white marble altar of Elyvilon.
  4578 | D:5      | Found a radiant altar of Vehumet.
  4582 | D:5      | Found a broken altar of Ashenzari.
  4817 | D:6      | Noticed Sigmund
  4844 | D:6      | Killed Sigmund
  4845 | D:6      | Reached XP level 9. HP: 55/55 MP: 9/9
  4851 | D:6      | Lost mutation: You have very sharp teeth. [potion of
                  | mutation]
  4851 | D:6      | Lost mutation: Your mind is acute. (Int +4, Str/Dex -1)
                  | [potion of mutation]
  4851 | D:6      | Gained mutation: You are frail. (-10% HP) [potion of
                  | mutation]
  4851 | D:6      | Gained mutation: You are somewhat resistant to further
                  | mutation. [potion of mutation]
  5004 | D:6      | Identified the +3 leather armour of Naenk {+Blink rF+ rCorr
                  | Str-2}
  5423 | D:7      | Reached skill level 8 in Axes
  5842 | D:7      | Noticed Joseph
  5858 | D:7      | Killed Joseph
  5859 | D:7      | Reached skill level 9 in Axes
  5940 | D:3      | Bought an embroidered cloak for 180 gold pieces
  6008 | D:7      | Found Revox's Weapon Shop.
  6114 | D:8      | Reached skill level 1 in Throwing
  6114 | D:8      | Reached XP level 10. HP: 56/56 MP: 10/10
  6228 | D:8      | Noticed a two-headed ogre
  6240 | D:8      | Killed a two-headed ogre
  6241 | D:8      | Reached skill level 10 in Axes
  6592 | D:8      | Noticed a boulder beetle
  6621 | D:8      | Killed a boulder beetle
  6698 | D:8      | Noticed a catoblepas
  6850 | D:8      | Slain by a catoblepas

Illustrated notes

Levels and vault maps discovered:
D:1:      dpeg_arrival_short_road, layout_basic, chequers_serial_rivers_micro_e,
          minmay_misc_feat_four_crosses, minmay_misc_feat_rows
D:2:      layout_loops_corners, dreamdust_ecumenical_altar_drowned_temple
D:3:      layout_basic, serial_shops, shop_fountains, amcnicky_mini_pool_small
D:4:      layout_gridville, nicolae_overflow_hidden_temple,
          minmay_temple_entry_statues, uniq_pikel
D:5:      layout_rooms, grunt_temple_overflow_diamond,
          okawaru_metal_pillars_1_2, uniq_grinder
D:6:      layout_rooms, uniq_sigmund
D:7:      layout_rooms, serial_shops, shop_statue, uniq_joseph
D:8:      minmay_blocky_corners, layout_cave_pods,
          grunt_lair_entry_orc_guard_hut, dk_vineyard_3,
          dilly_guarded_unrand_devastator, uniq_prince_ribbit1

Skill      XL: |  1  2  3  4  5  6  7  8  9 10 |
---------------+-------------------------------+-----
Axes           | 3 4 6 7 9 10 | 10.4
Dodging        | 2 3 |  3.8
Fighting       | 4 5 6 7 8 |  8.4
Armour         | 3 4 5 7 8 |  8.1
Stealth        | 1 2 |  2.6
Throwing       | 1 |  1.4

Action                     |  1- 3 |  4- 6 |  7- 9 | 10-12 || total
---------------------------+-------+-------+-------+-------++-------
  Melee: Hand axe          |   147 |   107 |   298 |    77 ||   629
         Punch             |       |     1 |     1 |       ||     2
         Bite              |       |       |    13 |       ||    13
  Throw: Dart              |       |       |     4 |     5 ||     9
 Invoke: Berserk           |     1 |     2 |     8 |     1 ||    12
         Trog's Hand       |       |     1 |    10 |     5 ||    16
    Use: Scroll            |     3 |     2 |    11 |       ||    16
         Potion            |       |       |     6 |     3 ||     9
   Stab: Sleeping          |     1 |       |       |       ||     1
         Invisible         |       |       |     3 |       ||     3
 Armour: Animal skin       |    70 |       |       |       ||    70
         Chain mail        |       |    64 |   279 |       ||   343
         Plate armour      |       |       |    23 |    79 ||   102
  Dodge: Dodged            |   124 |    44 |   196 |    46 ||   410

Table legend: (Time is in decaauts)
 A = Elapsed time spent in this place.
 B = Non-inter-level travel time spent in this place.
 C = Inter-level travel time spent in this place.
 D = Time resting spent in this place.
 E = Time spent auto-exploring this place.
 F = Levels seen in this place.
 G = Mean time per level.
                   A        B        C        D        E       F      G
               +--------+--------+--------+--------+--------+-----+--------+
         Total |   6969 |   6642 |    327 |    700 |   4227 |   8 |  871.1 |
       Dungeon |   6969 |   6642 |    327 |    700 |   4227 |   8 |  871.1 |
               +--------+--------+--------+--------+--------+-----+--------+

Top non-repeatable levels by time:
     D:4: 1368 daAuts
     D:3: 1186 daAuts
     D:2: 1182 daAuts
     D:7: 961 daAuts
     D:1: 744 daAuts
     D:6: 588 daAuts
     D:5: 533 daAuts
     D:8: 403 daAuts
